 Dungeon Crawl Stone Soup version 0.18-a0-486-gab6c0bd (webtiles) character file.

5649 George the Pandemonic (level 10, 0/71 HPs)
             Began as a Demonspawn Fighter on Dec 2, 2015.
             Was a High Priest of Makhleb.
             Slain by a wyvern (3 damage)
             ... on level 9 of the Dungeon.
             The game lasted 00:19:29 (7410 turns).

George the Pandemonic (Demonspawn Fighter)          Turns: 7410, Time: 00:19:29

Health: 0/71       AC: 13    Str: 19    XL:     10   Next: 46%
Magic:  19/19      EV: 12    Int:  9    God:    Makhleb [*****.]
Gold:   273        SH:  9    Dex: 19    Spells: 0 memorised, 9 levels left

rFire  . . .     SeeInvis +     j - +2 short sword (flame)
rCold  + . .     Clarity  .     X - +1 plate armour {rC+}
rNeg   . . .     SustAt   .     c - +0 shield
rPois  +         Gourm    .     (no helmet)
rElec  .         Spirit   .     (no cloak)
rCorr  .         Dismiss  .     y - +0 pair of gloves
rMut   .         Stasis   .     (no boots)
MR     .....                    (no amulet)
Stlth  ..........               S - ring of poison resistance
                                F - ring of see invisible

@: agile, not resistant to hostile enchantments, extremely unstealthy
A: talons 1, powered by pain 1, spiny 3, sturdy frame 3
a: Minor Destruction, Lesser Servant of Makhleb, Major Destruction, Greater
Servant of Makhleb, Renounce Religion


You were on level 9 of the Dungeon.
You worshipped Makhleb.
Makhleb was extremely pleased with you.
You were hungry.

You visited 2 branches of the dungeon, and saw 10 of its levels.
You also visited: Sewer.

You collected 273 gold pieces.

Inventory:

Hand Weapons
 a - a +0 long sword
 j - a +2 short sword of flaming (weapon)
Armour
 c - a +0 shield (worn)
 y - a +0 pair of gloves (worn)
 X - a +1 plate armour of cold resistance (worn)
Jewellery
 g - an uncursed ring of fire
 s - an uncursed ring of flight
 F - a ring of see invisible (left hand)
 S - a ring of poison resistance (right hand)
Wands
 J - a wand of fire (2)
 W - a wand of hasting (4)
Scrolls
 m - 3 scrolls of teleportation
 E - 4 scrolls of remove curse
 T - 2 scrolls of recharging
Potions
 d - 2 potions of might
 l - 3 potions of ambrosia
 n - a potion of resistance
 t - a potion of curing
 u - 2 potions of berserk rage
 C - 2 potions of heal wounds
 H - 2 potions of cancellation {unknown}
 P - a potion of invisibility {unknown}
 R - a potion of agility {unknown}
 Y - a potion of experience {unknown}
Comestibles
 e - 7 bread rations
 h - 10 slices of pizza
 k - 4 meat rations
 N - 2 fruits
 V - 2 beef jerkies
 Z - 6 chunks of flesh


   Skills:
 + Level 4.0 Fighting
 + Level 10.2 Long Blades
 + Level 3.8 Armour
 + Level 2.0 Dodging
 - Level 2.6 Shields
 + Level 12.7 Invocations


You had 9 spell levels left.
You didn't know any spells.

Dungeon Overview and Level Annotations

Branches:
Dungeon (9/15)             Temple (1/1) D:5
   Lair: D:8-11         Orc: D:9-12

Altars:
Ashenzari
Cheibriados
Dithmenos
Elyvilon
Fedhas
Gozag
Kikubaaqudgha
Makhleb
Nemelex Xobeh
Okawaru
Qazlal
Ru
Sif Muna
Trog
Vehumet
Xom
Yredelemnul
Zin
The Shining One

Shops:
D:9 (


Innate Abilities, Weirdness & Mutations

You have sharp toenails.
You sometimes gain a little power by taking damage.
You are completely covered in sharp spines.
Your movements are significantly less encumbered by armour (ER -6).


Message History

Your orange demon stings the troll!
The troll is poisoned.
Your orange demon poisons the troll!
Your orange demon closely misses the troll.
The troll bites your orange demon. The troll claws your orange demon.
The troll claws your orange demon!
Your orange demon dies!
A wyvern and a zombie come into view.
The giant frog is struck by your spines.
The giant frog closely misses you.
The giant frog is struck by your spines.
You kill the giant frog!
Makhleb accepts your kill.
The troll dies!
Makhleb accepts your kill.
You hear a distant slurping noise.
Found a potion of curing.
The wyvern bites you.
* * * LOW HITPOINT WARNING * * *
A demon appears!
You feel slightly more hungry. The wyvern bites you.
You die...

######(......# #.#### #.......#
#.# .. #(........ #C#...
######......... #.#...
............... #T#...
........##..... #.#...
........##...). #.....
........##....3#############.....
........##!.....@l....†C.......Z.
........###################......
........# #..#### ........# #..#
........# #..# ........# #..#
######## #..# #..#


You could see a hill giant, a wyvern and a friendly neqoxec.

Vanquished Creatures
  A skeletal warrior (D:9)
  Joseph (D:9)
  5 yaks
  Eustachio (D:5)
  A human (D:8)
  Menkaure (D:4)
  A steam dragon (D:8)
  A sky beast (D:6)
  An orc warrior (D:8)
  An ice beast (D:6)
  6 ogres
  An eye of draining (D:8)
  A big kobold (D:8)
  3 centaurs
  5 giant frogs
  3 scorpions
  A wyvern skeleton (D:6)
  3 wights (D:6)
  2 giant frog zombies (D:5)
  3 orc priests
  3 crimson imps (D:5)
  A centaur zombie (D:8)
  3 orc wizards
  A hound (D:5)
  3 iguanas
  12 worker ants
  3 sheep (D:8)
  A hound zombie (D:8)
  A worker ant zombie (D:6)
  10 gnolls
  A river rat (D:6)
  16 adders
  A shadow imp (D:8)
  13 oozes
  An adder skeleton (D:5)
  3 worms
  17 orcs
  14 ball pythons
  10 giant cockroaches
  15 goblins
  10 hobgoblins
  A jackal (D:3)
  A quokka (D:5)
  3 bats
  17 giant geckos
  16 giant newts
  14 kobolds
  12 rats
245 creatures vanquished.

Vanquished Creatures (collateral kills)
  A troll (D:9)
1 creature vanquished.

Vanquished Creatures (others)
  Psyche (D:8)
  A crimson imp (D:5)
2 creatures vanquished.

Grand Total: 248 creatures vanquished

Notes
Turn   | Place    | Note
--------------------------------------------------------------
     0 | D:1      | George the Demonspawn Fighter began the quest for the Orb.
     0 | D:1      | Reached XP level 1. HP: 18/18 MP: 1/1
   305 | D:1      | Gained mutation: Your movements are slightly less encumbered by armour (ER -2). [demonic ancestry]
   305 | D:1      | Reached XP level 2. HP: 16/24 MP: 2/2
   704 | D:1      | Gained mutation: You are partially covered in sharp spines. [demonic ancestry]
   704 | D:1      | Reached XP level 3. HP: 29/29 MP: 3/3
  1115 | D:2      | Found a shimmering altar of Xom.
  1117 | D:2      | Found a burning altar of Makhleb.
  1117 | D:2      | Found a glowing golden altar of the Shining One.
  1119 | D:2      | Found a stormy altar of Qazlal.
  1119 | D:2      | Found a sacrificial altar of Ru.
  1119 | D:2      | Found a shadowy altar of Dithmenos.
  1119 | D:2      | Found a sparkling altar of Nemelex Xobeh.
  1128 | D:2      | Became a worshipper of Makhleb the Destroyer
  1413 | D:3      | Gained mutation: Your movements are less encumbered by armour (ER -4). [demonic ancestry]
  1413 | D:3      | Reached XP level 4. HP: 35/35 MP: 4/4
  1466 | D:3      | Found a sacrificial altar of Ru.
  1473 | D:3      | Reached skill level 4 in Long Blades
  1473 | D:3      | Reached skill level 1 in Invocations
  1723 | D:3      | Reached * piety under Makhleb
  1862 | D:3      | Gained mutation: You are mostly covered in sharp spines. [demonic ancestry]
  1862 | D:3      | Reached XP level 5. HP: 41/41 MP: 6/6
  2025 | D:4      | Noticed Menkaure
  2034 | D:4      | Killed Menkaure
  2140 | D:4      | Reached skill level 5 in Long Blades
  2140 | D:4      | Gained mutation: You sometimes gain a little power by taking damage. [demonic ancestry]
  2140 | D:4      | Reached XP level 6. HP: 32/47 MP: 9/9
  2388 | D:4      | Reached skill level 5 in Invocations
  2581 | D:4      | Reached XP level 7. HP: 32/52 MP: 11/11
  2707 | D:4      | Reached ** piety under Makhleb
  2881 | D:4      | Reached skill level 6 in Invocations
  2985 | D:5      | Entered Level 5 of the Dungeon
  2988 | D:5      | Found a staircase to the Ecumenical Temple.
  3011 | Temple   | Entered the Ecumenical Temple
  3106 | D:5      | Noticed Eustachio
  3140 | D:5      | HP: 2/52 [white imp/puff of frost[Eustachio] (10)]
  3144 | D:5      | Killed Eustachio
  3144 | D:5      | Reached skill level 7 in Invocations
  3526 | D:5      | Gained mutation: Your movements are significantly less encumbered by armour (ER -6). [demonic ancestry]
  3526 | D:5      | Reached XP level 8. HP: 58/58 MP: 13/13
  3600 | D:5      | Reached skill level 8 in Invocations
  3767 | D:5      | Found a bloodstained altar of Trog.
  3794 | D:5      | Reached *** piety under Makhleb
  4285 | D:6      | Reached skill level 9 in Invocations
  4496 | D:6      | Found a glowing drain.
  4519 | Sewer    | Entered a sewer
  4547 | Sewer    | Reached **** piety under Makhleb
  4695 | Sewer    | Reached ***** piety under Makhleb
  4702 | Sewer    | Reached skill level 10 in Invocations
  4774 | Sewer    | Gained mutation: You are completely covered in sharp spines. [demonic ancestry]
  4774 | Sewer    | Reached XP level 9. HP: 63/63 MP: 16/16
  5925 | D:8      | Reached skill level 11 in Invocations
  6163 | D:8      | Found a bloodstained altar of Trog.
  6364 | D:8      | Noticed Psyche
  6531 | D:8      | Killed Psyche
  6531 | D:8      | Reached skill level 12 in Invocations
  6762 | D:8      | Gained mutation: You have sharp toenails. [demonic ancestry]
  6762 | D:8      | Reached XP level 10. HP: 53/70 MP: 19/19
  6999 | D:9      | Noticed Joseph
  7227 | D:9      | Killed Joseph
  7227 | D:9      | Reached skill level 10 in Long Blades
  7253 | D:9      | Found Diof's Weapon Boutique.
  7309 | D:9      | Reached skill level 1 in Dodging
  7343 | D:9      | Noticed a skeletal warrior
  7373 | D:9      | Killed a skeletal warrior
  7378 | D:9      | Noticed a hill giant
  7410 | D:9      | Slain by a wyvern

Vault maps used:
D:1:      dpeg_arrival_yet_another_circle, item_on_display_a
D:2:      grunt_temple_overflow_open, first_bread
D:3:      nicolae_ru_great_annihilating_truth
D:4:      uniq_menkaure
D:5:      minmay_temple_entry_hall, trog_hazing_becter, uniq_eustachio
D:6:      portal_sewer_entry_c, minmay_misc_feat_four_crosses
D:8:      grunt_livestock, trog_book, uniq_psyche
D:9:      minmay_cut_squares, serial_shops, shop, uniq_joseph
Temple:   circular_temple_12
Sewer:    sewer_frog_island_02

Action                   |  1- 3 |  4- 6 |  7- 9 | 10-12 || total
-------------------------+-------+-------+-------+-------++-------
Melee: Long sword        |    33 |       |       |       ||    33
       Short sword       |    70 |    87 |   463 |    81 ||   701
Invok: Lesser Servant of |       |       |       |     2 ||     2
Evoke: Wand              |       |       |       |     2 ||     2
  Use: Scroll            |       |       |    15 |       ||    15
 Stab: Paralysed         |       |     1 |       |       ||     1
  Eat: Chunk             |     2 |     3 |    14 |     2 ||    21
